[Event "*** SCC Grand Prix: Titled Tuesday Blitz"]
[Site "Chess.com"]
[Date "2020.06.02"]
[Round "2"]
[White "GmSergioBarrientos"]
[Black "robertxbob"]
[Result "0-1"]
[WhiteElo "2598"]
[BlackElo "2204"]
[TimeControl "180+1"]
[EndTime "10:17:13 PDT"]
[Termination "robertxbob won by checkmate"]

1. d4 g6 2. e4 d6 3. c4 Bg7 4.
Nc3 Nc6 5. Nge2 Nf6 6. f3 O-O 7. Be3 e5 8. d5 Ne7 9. Qd2 c6 10.
h4 cxd5 11. cxd5 Bd7 12. h5 a6 13. g4 b5 14. Ng3 Nc8 15. Bh6 Ra7 16. Bd3 Nb6 17.
Nd1 Bc8 18. Bxg7 Kxg7 19. Qh6+ Kxh6 20. Ne3 Kg7 21. g5 Nxh5 22. Rxh5 gxh5 23. Nxh5+ Kh8 24. Nf6 Rg8 25. Nxg8 Qxg8 26. Rc1 Qxg5 27. Ke2 Ra8 28. Rc6 Rb8 29. Rxd6 Qh4 30. b3 Qh2+ 31. Ke1 Qg1+ 32. Ke2 Qh2+ 33. Ke1 Kg7 34. Rd8 Rb7 35. a4 Rc7 36. a5 Rc1+ 37. Nd1 Qg1+ 38. Bf1 Bh3 39. Kd2 Ra1 40. Be2 Qd4+ 41. Ke1 Qg1+ 42. Kd2 Ra2+ 43. Kc3 Qc5+ 44. Kd3 Qd4# 0-1

[Event "*** SCC Grand Prix: Titled Tuesday Blitz"]
[Site "Chess.com"]
[Date "2020.06.02"]
[Round "2"]
[White "Bhagya_2312"]
[Black "bulletteemo"]
[Result "1-0"]
[WhiteElo "2156"]
[BlackElo "2583"]
[TimeControl "180+1"]
[EndTime "10:17:13 PDT"]
[Termination "Bhagya_2312 won by resignation"]

1. e4 c5 2. Nf3 Nc6 3. d4 cxd4 4. Nxd4 Nf6 5. Nc3 d6 6. Be2 e5 7. Nf3 Be7 8. Bg5 Be6 9. O-O O-O 10. Qd2 h6 11. Bxf6 Bxf6 12. Rfd1 Qb6 13. Na4 Qb4 14. Qxb4 Nxb4 15. c3 Nc6 16. Rxd6 Be7 17. Rd2 g5 18. h3 Kg7 19. c4 Bb4 20. Rdd1 f5 21. exf5 Bxf5 22.
a3 Be7 23. Nc3 a5 24. Nd5 Bc5 25. Rd2 Rad8 26. Rad1 e4 27. Nh2 Be6 28. Bg4 Bxd5 29. cxd5 e3 30. Rc2 exf2+ 31. Kf1 Bd6 32. dxc6 Bxh2 33.
cxb7 Bg3 34. Rxd8 Rxd8 35. Rc8 Rd2 36. b8=Q Bxb8 37. Rxb8 Kf6 38. Rf8+ Ke5 39. Rxf2 1-0

[Event "*** SCC Grand Prix: Titled Tuesday Blitz"]
[Site "Chess.com"]
[Date "2020.06.02"]
[Round "2"]
[White "isainz"]
[Black "Kolle05"]
[Result "1-0"]
[WhiteElo "2147"]
[BlackElo "2377"]
[TimeControl "180+1"]
[EndTime "10:17:13 PDT"]
[Termination "isainz won by resignation"]

1. e4 c5 2. Nf3 d6 3. d4 cxd4 4. Qxd4 a6 5. c4 Nc6 6. Qe3 g6 7.
Nc3 Bg7 8. Be2 Nf6 9. h3 O-O 10.
O-O Bd7 11. Rb1 Rc8 12. b3 Qa5 13. Bb2 Qc5 14. Qxc5 dxc5 15. Rfd1 Rcd8 16. Bd3 e6 17. Na4 Nb4 18. Nxc5 Bc6 19. Be2 Nxe4 20. Nxe4 Bxe4 21. Bxg7 Kxg7 22. Rxd8 Rxd8 23. Rb2 Nc6 24. Kf1 f5 25. Ng5 Kf6 26. Nxh7+ Ke5 27. Ng5 Ne7 28. Nf7+ 1-0

[Event "*** SCC Grand Prix: Titled Tuesday Blitz"]
[Site "Chess.com"]
[Date "2020.06.02"]
[Round "2"]
[White "Kildepiotr"]
[Black "Leonid_Starozhilov"]
[Result "0-1"]
[WhiteElo "2475"]
[BlackElo "2722"]
[TimeControl "180+1"]
[EndTime "10:17:14 PDT"]
[Termination "Leonid_Starozhilov won by resignation"]

1. Nf3 Nf6 2. g3 g6 3. Bg2 Bg7 4. O-O O-O 5. d4 d6 6. Nbd2 Nc6 7. e4 e5 8. dxe5 dxe5 9. c3 Qd3 10. Re1 Rd8 11. Bf1 Qd7 12. Qc2 Qe7 13. b4 a6 14.
a4 Bg4 15. Be2 h5 16. Nc4 Nh7 17. Ne3 Nf6 18. Nxg4 Nxg4 19. Nd2 a5 20. b5 Nb8 21.
Ba3 Qf6 22. Rf1 Bf8 23. Bxf8 Kxf8 24. Nc4 Nd7 25. f3 Nh6 26. Ne3 Qb6 27. Kf2 Kg7 28. Bc4 Nf6 29. Ke2 Rd6 30. Rfd1 Rad8 31. Bb3 Qc5 32.
Rxd6 Rxd6 33. Nc4 Rd8 34. Nxa5 Nhg4 35. fxg4 Nxg4 36. Kf1 Ne3+ 37. Ke2 Nxc2 38. Bxc2 Qxc3 39. Rd1 Rxd1 40. Bxd1 Qxa5 0-1

[Event "*** SCC Grand Prix: Titled Tuesday Blitz"]
[Site "Chess.com"]
[Date "2020.06.02"]
[Round "2"]
[White "TudorAnton"]
[Black "harperchesstt"]
[Result "1-0"]
[WhiteElo "2422"]
[BlackElo "2187"]
[TimeControl "180+1"]
[EndTime "10:17:14 PDT"]
[Termination "TudorAnton won on time"]

1. d4 Nf6 2. c4 e6 3. Nc3 Bb4 4. Nf3 c5 5. g3 b5 6. cxb5 Ne4 7.
dxc5 Nxc3 8. bxc3 Bxc3+ 9. Bd2 Bxa1 10. Qxa1 O-O 11. Bc3 f6 12. Bg2 Bb7 13. O-O a5 14.
a4 Be4 15. Rd1 Qc8 16. Rd4 Bb7 17. Qa3 d5 18. c6 Nxc6 19. bxc6 Qxc6 20. Rd1 Rfc8 21.
Be1 Qc2 22. Qa1 e5 23. e3 Bc6 24. Bh3 Re8 25. Rc1 Qxa4 26. Qc3 Bb7 27. Ra1 Qe4 28. Nh4 d4 29. f3 dxc3 30. fxe4 Bxe4 31. Bxc3 g6 32. Rxa5 Rxa5 33. Bxa5 Ra8 34. Bb4 Ra3 35.
Bxa3 Kf7 36. Bg2 Bd3 37. Bd5+ Kg7 38. e4 f5 39. exf5 gxf5 40. Kf2 Kf6 41. Ke3 Ba6 42. Bb2 h5 43. Nf3 1-0

[Event "*** SCC Grand Prix: Titled Tuesday Blitz"]
[Site "Chess.com"]
[Date "2020.06.02"]
[Round "2"]
[White "mamonika"]
[Black "saisree"]
[Result "0-1"]
[WhiteElo "1967"]
[BlackElo "2356"]
[TimeControl "180+1"]
[EndTime "10:17:14 PDT"]
[Termination "saisree won on time"]

1. e4 c6 2. d4 d5 3. exd5 cxd5 4. Bd3 Nc6 5. c3 Nf6 6. Bf4 Bg4 7. Qb3 Qd7 8. Nd2 e6 9. Ngf3 Bd6 10. Bxd6 Qxd6 11. O-O O-O 12. Rfe1 Nd7 13. h3 Bh5 14. Re3 a6 15. Rae1 b5 16. Ne5 Ncxe5 17. dxe5 Qc7 18. Qb4 a5 19. Bxh7+ Kxh7 20. Qh4 g6 21. g4 Qd8 22.
Qg3 b4 23. gxh5 gxh5 24. Kh2 Rg8 25. Qf4 Rg7 26. Rg3 Nf8 27. Reg1 Ng6 28. Qf3 Qh4 29. Rg5 Kh6 30. Qe3 Kh7 31. Nf3 Qe4 32. Rxh5+ Kg8 33. Qxe4 dxe4 34. Nd2 bxc3 35. bxc3 Rc8 36.
Nxe4 Rc4 37. Rg4 Kf8 38. Nf6 Rxc3 0-1

[Event "*** SCC Grand Prix: Titled Tuesday Blitz"]
[Site "Chess.com"]
[Date "2020.06.02"]
[Round "2"]
[White "ural58"]
[Black "Chess_Boxer123"]
[Result "0-1"]
[WhiteElo "2457"]
[BlackElo "2695"]
[TimeControl "180+1"]
[EndTime "10:17:15 PDT"]
[Termination "Chess_Boxer123 won by resignation"]

1. e4 c5 2. b3 g6 3. Bb2 Nf6 4.
Qf3 d6 5. Bb5+ Bd7 6. Bxf6 exf6 7. Bxd7+ Nxd7 8. Qd3 Ne5 9. Qb5+ Qd7 10. Qxd7+ Kxd7 11. Nc3 Bg7 12. O-O-O Rhe8 13. Nge2 Rac8 14. d3 Ng4 15. Rdf1 a6 16. h3 Ne5 17. f4 Nc6 18. Nd5 Rcd8 19. g4 Ne7 20. Nxe7 Rxe7 21. Ng3 b5 22. h4 a5 23. h5 h6 24. hxg6 fxg6 25. f5 g5 26. c4 Kc6 27. Kc2 Ra8 28.
a4 bxa4 29. bxa4 Rb8 30. Rb1 Rb4 31. Rxb4 axb4 32. Kb3 Ra7 33. Nf1 d5 34. Ne3 dxe4 35.
dxe4 Re7 36. Nd5 Rxe4 37. a5 Rxg4 38. Ra1 Rg3+ 39. Ka4 Ra3+ 40. Rxa3 bxa3 41. Kxa3 h5 42. Kb3 h4 43. Ne3 h3 44. Ng4 Bf8 45. Kc3 Bd6 46.
Kd3 h2 47. Nf2 g4 0-1

[Event "*** SCC Grand Prix: Titled Tuesday Blitz"]
[Site "Chess.com"]
[Date "2020.06.02"]
[Round "2"]
[White "RobertoJBM"]
[Black "monalize"]
[Result "1/2-1/2"]
[WhiteElo "2629"]
[BlackElo "2300"]
[TimeControl "180+1"]
[EndTime "10:17:15 PDT"]
[Termination "Game drawn by agreement"]

1. d4 Nf6 2. c4 d6 3. Nf3 g6 4. Nc3 Bg7 5. e4 O-O 6. Be2 Nbd7 7. O-O c6 8. Re1 e5 9. Bf1 exd4 10. Nxd4 Re8 11. Nb3 Qe7 12. Bf4 Ne5 13. f3 Nfd7 14. Qd2 Nb6 15. Na5 Be6 16. Rad1 Nbxc4 17. Nxc4 Nxc4 18. Bxc4 Bxc4 19. Bxd6 Qe6 20. b3 Ba6 21. e5 Rad8 22. f4 f6 23. Ne4 fxe5 24. Nc5 Qf5 25.
Nxa6 bxa6 26. Qb4 exf4 27. Rxe8+ Rxe8 28. Qxf4 Qxf4 29. Bxf4 Kf7 30. Rd7+ Re7 31. Rxe7+ Kxe7 32. Be3 Kd6 33. Bxa7 Kd5 34. Kf1 Ke4 35. Ke2 Be5 36. h3 h5 37. Be3 Bd6 38. Bf2 Be5 39. Be3 1/2-1/2

[Event "*** SCC Grand Prix: Titled Tuesday Blitz"]
[Site "Chess.com"]
[Date "2020.06.02"]
[Round "2"]
[White "freshfoodcompany"]
[Black "Carnivoras"]
[Result "0-1"]
[WhiteElo "2209"]
[BlackElo "2624"]
[TimeControl "180+1"]
[EndTime "10:17:15 PDT"]
[Termination "Carnivoras won on time"]

1. d4 d5 2. c4 c6 3. Nc3 e6 4. e4 dxe4 5. Nxe4 Bb4+ 6. Bd2 Qxd4 7. Qe2 Bxd2+ 8. Nxd2 Nf6 9. Rb1 O-O 10. Ngf3 Qd8 11. g3 b6 12. Bg2 Bb7 13. O-O c5 14. Rfd1 Nbd7 15. Ne5 Bxg2 16. Kxg2 Qc7 17. Nxd7 Qxd7 18. Qf3 Qd4 19. b3 Rad8 20. Nf1 Qe4 21. Ne3 h6 22. h4 Rd4 23. Qxe4 Nxe4 24. Rxd4 cxd4 25. Nc2 Rd8 26. Rd1 e5 27. f4 Nc3 28. Rd2 d3 29.
Ne1 e4 30. Kf2 Nxa2 31. Ke3 Nc1 32. b4 f5 33. Nc2 Nb3 34. Rd1 dxc2 35. Rxd8+ Kh7 0-1

[Event "*** SCC Grand Prix: Titled Tuesday Blitz"]
[Site "Chess.com"]
[Date "2020.06.02"]
[Round "2"]
[White "Thipsay"]
[Black "nonsopolo1"]
[Result "1-0"]
[WhiteElo "2453"]
[BlackElo "2238"]
[TimeControl "180+1"]
[EndTime "10:17:15 PDT"]
[Termination "Thipsay won by resignation"]

1. e4 c5 2. Nf3 Nc6 3. d4 cxd4 4. Nxd4 g6 5. Nc3 Bg7 6. Be3 Nf6 7. Be2 O-O 8. Nb3 a5 9. a4 Nb4 10. O-O d5 11. e5 Ne8 12. f4 Bf5 13. Nd4 Bd7 14. Ncb5 Nc7 15. c3 Nxb5 16. axb5 Nc6 17. bxc6 bxc6 18.
Nb3 f6 19. exf6 exf6 20. Bc5 Re8 21. Nd4 Qb8 22. Qc2 Bh6 23. f5 Be3+ 24. Kh1 g5 25.
Bh5 Re4 26. Rae1 Rh4 27. g4 Bf4 28. Re2 a4 29. Ne6 Be5 30. Bg1 a3 31. bxa3 Rxa3 32. Bd4 Bxd4 33. cxd4 Rah3 34. Rff2 Qa7 35. Qd2 Qa1+ 36.
Re1 Qa3 37. Nxg5 Qg3 38. Nxh3 1-0

[Event "*** SCC Grand Prix: Titled Tuesday Blitz"]
[Site "Chess.com"]
[Date "2020.06.02"]
[Round "2"]
[White "Alohamora11"]
[Black "Chess2019Player"]
[Result "0-1"]
[WhiteElo "2403"]
[BlackElo "2193"]
[TimeControl "180+1"]
[EndTime "10:17:15 PDT"]
[Termination "Chess2019Player won by resignation"]

1. e4 e6 2. d4 d5 3. Nc3 Bb4 4. Ne2 Nf6 5. e5 Nfd7 6. a3 Be7 7. b4 b6 8. b5 a6 9. Ng3 axb5 10. Bxb5 c6 11.
Qg4 g6 12. Be2 c5 13. Bh6 cxd4 14. Nb5 Nxe5 15. Qxd4 Nbc6 16. Qd2 Bf6 17. h4 Nf3+ 18.
Bxf3 Bxa1 19. h5 Ba6 20. a4 Qf6 21. hxg6 Bxb5 22. axb5 Bc3 23. bxc6 Bxd2+ 24. Kxd2 hxg6 25. Ne2 Rxh6 26. Rxh6 Qg5+ 27. Kd3 Qxh6 28. Nd4 Qf4 29.
g3 Ra3+ 30. c3 Qc1 31. Nb5 Qb1+ 32. Kd4 Qxb5 33. c7 Qc4+ 34. Ke5 Qxc7+ 35. Kf6 Qxc3+ 36. Kg5 Qxf3 37. g4 Qxf2 38. Kh6 Rh3+ 39. Kg7 Qd4+ 0-1

[Event "*** SCC Grand Prix: Titled Tuesday Blitz"]
[Site "Chess.com"]
[Date "2020.06.02"]
[Round "2"]
[White "Stronger1799"]
[Black "EugeneRougon"]
[Result "0-1"]
[WhiteElo "2365"]
[BlackElo "2657"]
[TimeControl "180+1"]
[EndTime "10:17:16 PDT"]
[Termination "EugeneRougon won on time"]

1. e4 d6 2. d4 g6 3. Nc3 Nf6 4. h3 Bg7 5. Nf3 O-O 6. Be2 a6 7. a4 Nc6 8. O-O e5 9. Be3 exd4 10. Nxd4 Re8 11. Nxc6 bxc6 12. Bf3 Rb8 13. Rb1 Be6 14. Re1 Nd7 15. Be2 Ne5 16. Bxa6 c5 17. Nd5 c6 18.
Nf4 Bc4 19. Bxc4 Nxc4 20. Bc1 Nxb2 21. Bxb2 Bxb2 22. Qd3 Be5 23. Ne2 Qa5 24. f4 Bg7 25.
Qxd6 Rxb1 26. Rxb1 Qxa4 27. e5 Qxc2 0-1

[Event "*** SCC Grand Prix: Titled Tuesday Blitz"]
[Site "Chess.com"]
[Date "2020.06.02"]
[Round "2"]
[White "aleksa74"]
[Black "davigator"]
[Result "1-0"]
[WhiteElo "2665"]
[BlackElo "2313"]
[TimeControl "180+1"]
[EndTime "10:17:16 PDT"]
[Termination "aleksa74 won by resignation"]

1. e4 c5 2. Nf3 Nc6 3. Bb5 g6 4. O-O Bg7 5. Nc3 Nh6 6. Bxc6 dxc6 7. d3 O-O 8. Be3 b6 9. h3 f5 10. Qd2 Nf7 11. exf5 gxf5 12. d4 cxd4 13. Nxd4 Qc7 14. f4 a6 15. Qf2 c5 16. Nf3 Bb7 17. Rae1 Rac8 18. Bd2 Rfe8 19. Nd1 Be4 20. Bc3 Qxf4 21.
Bxg7 Kxg7 22. Qe2 Qh6 23. Nc3 Bb7 24. Ne5 Nd6 25. Nd7 b5 26. Qe5+ Kf7 27. Rxf5+ Nxf5 28. Qxf5+ Kg8 29. Nd5 Bxd5 30. Qxd5+ e6 31. Qe5 Re7 32. Nf6+ Kf8 33. Nh5 Qg6 34. Qh8+ Qg8 35.
Rf1+ Rf7 36. Rxf7+ Kxf7 37. Qf6+ Ke8 38. Qf3 Qg7 39.
Nxg7+ 1-0

[Event "*** SCC Grand Prix: Titled Tuesday Blitz"]
[Site "Chess.com"]
[Date "2020.06.02"]
[Round "2"]
[White "Nafania1"]
[Black "Misticpikachu"]
[Result "1/2-1/2"]
[WhiteElo "2446"]
[BlackElo "2252"]
[TimeControl "180+1"]
[EndTime "10:17:16 PDT"]
[Termination "Game drawn by repetition"]

1. e4 c5 2. Nf3 Nc6 3. Bb5 e6 4. Nc3 Nf6 5. O-O d5 6. exd5 exd5 7. d4 c4 8. Ne5 Bd7 9. Re1 Be7 10. Nxd7 Qxd7 11.
Bg5 O-O 12. Qf3 a6 13. Bxc6 bxc6 14. Na4 Ne4 15. Bxe7 Qxe7 16. b3 cxb3 17. axb3 Qb4 18. Qd3 Rfe8 19. f3 Nd6 20. Qc3 Qxc3 21. Nxc3 Nb5 22.
Rxe8+ Rxe8 23. Nxb5 axb5 24. Kf2 g6 25. Ra6 Re6 26.
Ra8+ Kg7 27. Rc8 h5 28. Rc7 g5 29. g3 Kg6 30. h3 f5 31. Rc8 Kf6 32. Rf8+ Kg6 33. Rg8+ Kf6 34. Rf8+ Kg6 35. Rg8+ Kf6 36. Rf8+ 1/2-1/2

[Event "*** SCC Grand Prix: Titled Tuesday Blitz"]
[Site "Chess.com"]
[Date "2020.06.02"]
[Round "2"]
[White "CarlosAlbornoz"]
[Black "kingmonkey2006"]
[Result "1-0"]
[WhiteElo "2727"]
[BlackElo "2492"]
[TimeControl "180+1"]
[EndTime "10:17:17 PDT"]
[Termination "CarlosAlbornoz won by resignation"]

1. e4 c5 2. Nf3 d6 3. d4 cxd4 4.
Nxd4 Nf6 5. Nc3 a6 6. h4 e5 7. Nb3 b5 8. a4 b4 9. Nd5 Bb7 10.
Bc4 Nbd7 11. Bg5 Rc8 12. Qd3 a5 13. Bxf6 Nxf6 14. Nxf6+ gxf6 15. Bb5+ Ke7 16. O-O-O Bh6+ 17. Kb1 Ra8 18. Rh3 Qb6 19. Qe2 Rhd8 20. Qh5 Bf8 21. Bc4 d5 22. Bxd5 Bxd5 23. exd5 Rd6 24. Nd4 exd4 25.
Re1+ Kd8 26. Qxf7 Kc8 27. Qxf8+ Rd8 28. Re8 Kb7 29. Qf7+ Ka6 30. Re6 Rd6 31. Qxf6 Rad8 32. Rd3 Qc5 33. Rxd6+ Rxd6 34. Qxd4 Qxd4 35. Rxd4 Kb6 36.
Rd3 Kc5 37. g3 Rf6 38. d6 1-0

[Event "*** SCC Grand Prix: Titled Tuesday Blitz"]
[Site "Chess.com"]
[Date "2020.06.02"]
[Round "2"]
[White "DeGrootteZ"]
[Black "HElissalt"]
[Result "1-0"]
[WhiteElo "2626"]
[BlackElo "2216"]
[TimeControl "180+1"]
[EndTime "10:17:17 PDT"]
[Termination "DeGrootteZ won on time"]

1. e4 d6 2. d4 Nf6 3. Nc3 e5 4. Nf3 Nbd7 5. Bc4 Be7 6. a4 O-O 7.
O-O c6 8. Re1 a5 9. h3 Nb6 10.
Bb3 Nfd7 11. Be3 exd4 12. Nxd4 Nc5 13. Qf3 Nxb3 14. cxb3 Nd7 15. Rad1 Ne5 16. Qg3 Bh4 17. Qh2 Be6 18. Re2 Ng6 19. Nxe6 fxe6 20. Qxd6 Qf6 21. Red2 Bg5 22. Bxg5 Qxg5 23. Qxe6+ Kh8 24. Qg4 Qe5 25. g3 Qf6 26. h4 Ne5 27. Qe2 Nf3+ 28. Kg2 Nxd2 29. Rxd2 Rad8 30. Rxd8 Qxd8 31. f4 Qd4 32. e5 Rd8 33. Kh3 Qd2 34. Qc4 Qd3 35. Ne4 Qxc4 36. bxc4 Rd4 37. Nd6 Rd2 38. Nxb7 Rxb2 39.
Nxa5 1-0

[Event "*** SCC Grand Prix: Titled Tuesday Blitz"]
[Site "Chess.com"]
[Date "2020.06.02"]
[Round "2"]
[White "Firegrizzly"]
[Black "MNyuyu"]
[Result "1-0"]
[WhiteElo "2591"]
[BlackElo "2270"]
[TimeControl "180+1"]
[EndTime "10:17:17 PDT"]
[Termination "Firegrizzly won by resignation"]

1. d4 d5 2. Nf3 e6 3. Bf4 Be7 4. e3 Nf6 5. Bd3 O-O 6. Nbd2 b6 7. Qe2 Bb7 8. c3 Nbd7 9. g4 c5 10. g5 Ne4 11. h4 a6 12. Bc2 Re8 13. Nxe4 dxe4 14.
Nd2 f5 15. gxf6 Nxf6 16. O-O-O b5 17. dxc5 Qa5 18. Bb3 b4 19. Bxe6+ Kh8 20. cxb4 Qxb4 21. Kb1 Bd5 22. Bxd5 Nxd5 23. Qc4 Qxc4 24. Nxc4 Nxf4 25.
exf4 Bxc5 26. Rd2 Rf8 27. h5 h6 28. Rh4 Rad8 29. Rxd8 Rxd8 30. f5 Bxf2 31. Rxe4 Rd5 32.
Re8+ Kh7 33. Ne5 Bh4 34. Ng6 Rd8 35. Rxd8 Bxd8 36. b4 Kg8 37. Ne5 Bc7 38. Nd7 Kf7 39. Nc5 Bd6 40. Nxa6 Kf6 41. b5 Kxf5 42. b6 g5 43. hxg6 Kxg6 44. Kc2 h5 45. Kd3 h4 46. Ke2 h3 47. Kf3 h2 48. Kg2 Kf7 49. b7 Ke8 50. b8=Q+ Bxb8 51. Nxb8 Kd8 52. Nc6+ Kc7 53. Nd4 Kb6 54. Nc2 Kc5 55. Kxh2 Kc4 56. Kg3 Kc3 57. a3 Kb3 58. Kf3 Ka4 59. Ke3 Ka5 60.
Kd3 Ka4 61. Kc4 Ka5 62. Kb3 Kb5 63. a4+ Ka5 64. Na3 Ka6 65. Kb4 Kb6 66. a5+ Ka6 67. Nc4 Ka7 68. Kb5 Kb7 69. a6+ Ka7 70.
Nb6 Kb8 71. Nd5 Ka7 72. Ka5 Kb8 73. Kb6 1-0

[Event "*** SCC Grand Prix: Titled Tuesday Blitz"]
[Site "Chess.com"]
[Date "2020.06.02"]
[Round "2"]
[White "valeriocarnicelli"]
[Black "Bigfish1995"]
[Result "1-0"]
[WhiteElo "2603"]
[BlackElo "2995"]
[TimeControl "180+1"]
[EndTime "10:17:18 PDT"]
[Termination "valeriocarnicelli won by resignation"]

1. e4 Nc6 2. d4 e5 3. Nf3 exd4 4. Bc4 Bc5 5. c3 Nf6 6. e5 d5 7.
Bb5 Ne4 8. cxd4 Bb6 9. Nc3 O-O 10. Be3 Ne7 11. O-O Bf5 12. Bd3 Qd7 13. Nh4 Nxc3 14. bxc3 Bxd3 15. Qxd3 Qg4 16. Nf3 Rac8 17. a4 a5 18.
Rab1 Qg6 19. Qxg6 hxg6 20. Ne1 f6 21. Nd3 g5 22. Rb5 Rfd8 23. Re1 Kf7 24. Bc1 Nc6 25. e6+ Kg6 26. Ba3 Na7 27. Rb2 Re8 28. g3 Nc6 29. f4 g4 30. Kg2 Ne7 31. h3 gxh3+ 32. Kxh3 Rh8+ 33. Kg2 Rce8 34. Rbb1 Nc6 35. Rb5 Rh5 36. g4 Rh4 37. Kg3 Rhh8 38. f5+ Kh7 39. Rxd5 Rd8 40. Rh1+ 1-0

[Event "*** SCC Grand Prix: Titled Tuesday Blitz"]
[Site "Chess.com"]
[Date "2020.06.02"]
[Round "2"]
[White "kushagramohan"]
[Black "Nara_Kh"]
[Result "1-0"]
[WhiteElo "2645"]
[BlackElo "2311"]
[TimeControl "180+1"]
[EndTime "10:17:18 PDT"]
[Termination "kushagramohan won on time"]

1. e4 d6 2. d4 Nf6 3. Nc3 g6 4. Nf3 Bg7 5. Be2 O-O 6. O-O c6 7. a4 Nbd7 8. Bf4 Qc7 9. e5 dxe5 10. Nxe5 Nxe5 11. Bxe5 Qa5 12. Qd2 Bf5 13. Rfb1 Rad8 14. Bd3 Bxd3 15. Qxd3 Nd5 16. Bxg7 Kxg7 17. Ne4 Nf4 18.
Qe3 Ne6 19. c3 Qd5 20. b4 f5 21.
Nc5 Nxc5 22. Qxe7+ Rf7 23. Qxc5 Qe4 24. Re1 Qc2 25.
Qe5+ Kg8 26. Rec1 Qd3 27. a5 Rdd7 28. Qe3 Qc4 29. Qf4 Rde7 30. h3 Re2 31. Re1 Kg7 32.
Rxe2 Qxe2 33. Qe3 Qc4 34. Qe5+ Kg8 35. Rc1 a6 36. Qe8+ Kg7 37. Qe3 Qd5 38. c4 Qd6 39. Qc3 Kg8 40. Rd1 Re7 41. d5 cxd5 42. cxd5 Qf4 43.
Qc5 Rd7 44. d6 Kf7 45. Qd5+ Kg7 46. Qe6 Rf7 47. d7 1-0

[Event "*** SCC Grand Prix: Titled Tuesday Blitz"]
[Site "Chess.com"]
[Date "2020.06.02"]
[Round "2"]
[White "MalcolmPein"]
[Black "Aleksandar-Topalov"]
[Result "0-1"]
[WhiteElo "2200"]
[BlackElo "2432"]
[TimeControl "180+1"]
[EndTime "10:17:18 PDT"]
[Termination "Aleksandar-Topalov won on time"]

1. d4 Nf6 2. c4 c5 3. d5 d6 4. Nc3 g6 5. e4 Bg7 6. Be2 O-O 7. Nf3 e6 8. Nd2 Na6 9. O-O Nc7 10. Re1 Rb8 11. h3 a6 12. a4 exd5 13. exd5 Re8 14.
Bd3 Bd7 15. Nde4 Nxe4 16. Nxe4 Bf5 17. Bg5 Qd7 18. Qd2 Bxe4 19. Rxe4 Rxe4 20. Bxe4 b5 21. axb5 axb5 22. Ra7 Qc8 23. b4 bxc4 24. bxc5 Nb5 25. Re7 Qxc5 26. Qf4 Rf8 27. Rd7 c3 28. Be7 Qc8 29.
Bxf8 Qxd7 30. Bxg7 Kxg7 31. Bd3 Qe7 32. Qc1 Nd4 0-1

[Event "*** SCC Grand Prix: Titled Tuesday Blitz"]
[Site "Chess.com"]
[Date "2020.06.02"]
[Round "2"]
[White "viktorskliarov"]
[Black "Chopper1905"]
[Result "0-1"]
[WhiteElo "2570"]
[BlackElo "2932"]
[TimeControl "180+1"]
[EndTime "10:17:19 PDT"]
[Termination "Chopper1905 won on time"]

1. e4 e5 2. Nc3 Nf6 3. Bc4 Nc6 4. d3 Na5 5. Nge2 d6 6. O-O g6 7. Bb3 Nxb3 8. axb3 Bg7 9. f4 O-O 10. fxe5 dxe5 11.
h3 c6 12. Be3 b6 13. Qd2 Be6 14. Bh6 Ne8 15. Bxg7 Nxg7 16. Qe3 f6 17. Ra3 Rf7 18.
Rfa1 Bc8 19. Na4 Rb8 20. c3 Ne6 21. d4 Rd7 22. dxe5 fxe5 23. Rf1 Ba6 24. c4 Rd3 25. Qh6 Bb7 0-1

[Event "*** SCC Grand Prix: Titled Tuesday Blitz"]
[Site "Chess.com"]
[Date "2020.06.02"]
[Round "2"]
[White "Eliwood44"]
[Black "Funo09"]
[Result "0-1"]
[WhiteElo "2328"]
[BlackElo "2776"]
[TimeControl "180+1"]
[EndTime "10:17:19 PDT"]
[Termination "Funo09 won by resignation"]

1. d4 Nf6 2. Nf3 g6 3. Nc3 Bg7 4. e4 d6 5. h3 O-O 6. Be3 a6 7. a4 b6 8. Bd3 Bb7 9. O-O e6 10. Re1 Nbd7 11. Qd2 c5 12. e5 dxe5 13.
dxe5 Nd5 14. Bg5 Qc7 15. Ne4 Nxe5 16. Nxe5 Bxe5 17. c4 Nb4 18. Nf6+ Kh8 19. f4 Bd4+ 20. Kh1 Rad8 21. Rad1 h6 22. Bh4 Kg7 23. Ng4 f5 24.
Bxd8 Rxd8 25. Nh2 Bf6 26. Qe2 Qxf4 27. Bb1 Qg3 28. Nf3 Bxf3 29. Qxf3 Qxf3 30. gxf3 Kf7 31. b3 Rd4 32. Rxd4 cxd4 33. f4 Be7 34. Kg2 Kf6 35.
Kf3 g5 36. a5 bxa5 37. Re5 gxf4 38. Rxa5 e5 39. c5 d3 40. c6 Bd6 41. Bxd3 Nxd3 42.
Rd5 e4+ 43. Ke2 Ke6 44. Ra5 f3+ 45. Ke3 Bc5+ 46. Kd2 Bb4+ 0-1

[Event "*** SCC Grand Prix: Titled Tuesday Blitz"]
[Site "Chess.com"]
[Date "2020.06.02"]
[Round "2"]
[White "DrRiebert"]
[Black "szachuspl"]
[Result "1-0"]
[WhiteElo "2297"]
[BlackElo "2515"]
[TimeControl "180+1"]
[EndTime "10:17:19 PDT"]
[Termination "DrRiebert won by resignation"]

1. e4 c5 2. Nf3 e6 3. d4 cxd4 4. Nxd4 Nc6 5. Nc3 a6 6. Nxc6 bxc6 7. Bd3 d5 8. O-O Nf6 9. Qf3 Be7 10. e5 Nd7 11.
Qg3 g5 12. f4 h6 13. f5 Nc5 14.
f6 Bf8 15. Bd2 Nxd3 16. cxd3 a5 17. Na4 Ba6 18. Rfc1 Rb8 19. b3 Bb5 20. Nc5 d4 21.
a4 Bxc5 22. Rxc5 Ba6 23. Bxa5 Qd7 24. b4 Kf8 25. Rac1 Bb7 26. b5 Rc8 27. h4 Rg8 28.
hxg5 Rxg5 29. Qh3 Rg6 30. Bd2 cxb5 31. Bxh6+ Kg8 32. Bg7 Rxg7 33. fxg7 Kxg7 34. Qg4+ Kf8 35. Rxc8+ Bxc8 36. axb5 Bb7 37. Qg5 Qxb5 38. Rc7 Qd5 39. Qe7+ Kg8 40. Qxf7+ 1-0

[Event "*** SCC Grand Prix: Titled Tuesday Blitz"]
[Site "Chess.com"]
[Date "2020.06.02"]
[Round "2"]
[White "HanSchut"]
[Black "pooh2012"]
[Result "0-1"]
[WhiteElo "2200"]
[BlackElo "2431"]
[TimeControl "180+1"]
[EndTime "10:17:19 PDT"]
[Termination "pooh2012 won on time"]

1. e4 c6 2. d4 d5 3. e5 Bf5 4. h4 h5 5. Ne2 e6 6. Ng3 Bg6 7. Be2 c5 8. c3 Nc6 9. Be3 Qb6 10.
dxc5 Bxc5 11. Bxc5 Qxc5 12. f4 Qe3 13. Rh3 Qxf4 14. Nd2 Qxe5 15. Qb3 Qc7 16. O-O-O Nge7 17. Bf3 Ne5 18. Qa4+ Qc6 19. Qxc6+ bxc6 20. Nb3 Nd3+ 21. Kd2 Nxb2 22. Na5 Nxd1 23. Kxd1 Rb8 24. Nb3 Kd7 25. Ne2 Kd6 26. Rh1 c5 27. Rf1 Nc6 28. Nd2 Rb2 29. Nf4 Rxa2 30. Nxg6 fxg6 31. Be2 Ra1+ 32.
Kc2 Rxf1 33. Bxf1 Ne5 0-1

[Event "*** SCC Grand Prix: Titled Tuesday Blitz"]
[Site "Chess.com"]
[Date "2020.06.02"]
[Round "2"]
[White "GianmarcoVaR"]
[Black "politeplayer"]
[Result "1-0"]
[WhiteElo "2452"]
[BlackElo "2240"]
[TimeControl "180+1"]
[EndTime "10:17:20 PDT"]
[Termination "GianmarcoVaR won by resignation"]

1. d4 Nf6 2. Nf3 g6 3. Bg5 Bg7 4.
Nbd2 c5 5. e3 cxd4 6. exd4 Qb6 7. Nc4 Qe6+ 8. Be2 Ne4 9. Bh4 b5 10. Ne3 Bb7 11. Bxb5 g5 12. Nxg5 Nxg5 13. Bxg5 Qg6 14.
h4 h6 15. Bf4 Nc6 16. c3 O-O 17. Bd3 Qf6 18. Bg3 e5 19. d5 Ne7 20. c4 e4 21.
Bxe4 Qxb2 22. Rb1 Qc3+ 23. Kf1 Ba6 24. Rc1 Qa5 25. Bd6 Rfe8 26. Qg4 Rac8 27. Bxe7 Rxe7 28. Nf5 f6 29. Nxe7+ Kf7 30. d6 Rxc4 31. Bd5+ Kf8 32. Bxc4 Bxc4+ 33. Qxc4 1-0

[Event "*** SCC Grand Prix: Titled Tuesday Blitz"]
[Site "Chess.com"]
[Date "2020.06.02"]
[Round "2"]
[White "SaqoChess_Twitch"]
[Black "kidagent"]
[Result "0-1"]
[WhiteElo "2408"]
[BlackElo "2206"]
[TimeControl "180+1"]
[EndTime "10:17:20 PDT"]
[Termination "kidagent won by checkmate"]

1. d4 d5 2. c4 c6 3. Nc3 Nf6 4. e3 Bg4 5. Nf3 e6 6. Qc2 Be7 7. Ne5 Bh5 8. Bd3 Bg6 9. O-O Nbd7 10. f4 Bxd3 11. Qxd3 O-O 12. Bd2 c5 13. cxd5 exd5 14. Qe2 cxd4 15. exd4 Re8 16. Rf3 Qb6 17. Qd3 Qxb2 18.
Rb1 Qa3 19. Rxb7 Rad8 20. g4 Nxe5 21. dxe5 Nxg4 22. Nxd5 Qc5+ 23. Be3 Qxd5 24. Qxd5 Rxd5 25. Bxa7 Rd1+ 26. Kg2 Rd2+ 27. Kg3 Nh6 28. f5 f6 29.
a4 fxe5 30. Be3 Rd3 31. a5 e4 32. f6 Bd6+ 33. Kf2 Ng4+ 34. Ke2 exf3+ 35. Kxd3 Rxe3+ 36. Kd2 Re2+ 37. Kd3 Nxf6 38. a6 Ra2 39. a7 f2 40.
Rb8+ Kf7 41. Rb7+ Kg6 42. Rb1 Rxa7 43. Ke2 Ra2+ 44. Kf1 Ng4 45. Kg2 Ne3+ 46. Kh1 f1=Q+ 47. Rxf1 Nxf1 48. h4 Bc5 49. h5+ Kg5 50. h6 Ng3# 0-1